[ AOE2 MATCH · #480184430 ]
UnrankedHindustanis vs Lithuanians
[ REPLAY ANALYSIS · EXTRACTED FROM THE RECORDED GAME ]
Feudal
8:31
Castle
20:29
Imperial
31:42
| APM avg | 58.7 |
| APM peak | 86 |
| eAPM avg | 22.5 |
| Villagers / military | 126 / 175 |
Focus
⚔️ 34.7% · 🌾 65.3%
Archer ×71 · Hand Cannoneer ×70 · Trade Cart ×42 · Bombard Cannon ×31 · Armored Elephant ×2 · Monk ×1
Feudal
11:22
Castle
15:05
Imperial
36:00
| APM avg | 55.8 |
| APM peak | 89 |
| eAPM avg | 27.7 |
| Villagers / military | 155 / 133 |
Focus
⚔️ 43.1% · 🌾 56.9%
Conquistador ×125 · Trade Cart ×22 · Petard ×4 · Trebuchet (Packed) ×4
Feudal
8:33
Castle
21:17
Imperial
42:45
| APM avg | 52.2 |
| APM peak | 82 |
| eAPM avg | 18.3 |
| Villagers / military | 126 / 141 |
Focus
⚔️ 41.6% · 🌾 58.4%
Skirmisher ×63 · Knight ×57 · Scout Cavalry ×15 · Monk ×3 · Bombard Cannon ×3 · Trade Cart ×1
Feudal
9:35
Castle
25:34
Imperial
41:47
| APM avg | 31.2 |
| APM peak | 67 |
| eAPM avg | 16.4 |
| Villagers / military | 84 / 380 |
Focus
⚔️ 48.6% · 🌾 51.4%
Scout Cavalry ×289 · Knight ×85 · Spearman ×6
Feudal
10:07
Castle
14:41
Imperial
30:31
| APM avg | 28.2 |
| APM peak | 61 |
| eAPM avg | 22.1 |
| Villagers / military | 157 / 244 |
Focus
⚔️ 32.3% · 🌾 67.7%
Knight ×206 · Trade Cart ×24 · Scout Cavalry ×23 · Spearman ×8 · Bombard Cannon ×4 · Trebuchet (Packed) ×2
Feudal
10:39
Castle
14:20
Imperial
30:44
| APM avg | 37.7 |
| APM peak | 76 |
| eAPM avg | 23.5 |
| Villagers / military | 173 / 245 |
Focus
⚔️ 41.3% · 🌾 58.7%
Spearman ×209 · Mangonel ×26 · Trade Cart ×25 · Trebuchet (Packed) ×6 · Monk ×4
Feudal
8:15
Castle
21:08
Imperial
32:05
| APM avg | 88.3 |
| APM peak | 223 |
| eAPM avg | 48.4 |
| Villagers / military | 167 / 205 |
Focus
⚔️ 61.6% · 🌾 38.4%
Knight ×142 · Scout Cavalry ×53 · Trebuchet (Packed) ×8 · Spearman ×2
Feudal
9:16
Castle
21:56
Imperial
33:09
| APM avg | 39.5 |
| APM peak | 102 |
| eAPM avg | 21.8 |
| Villagers / military | 107 / 242 |
Focus
⚔️ 47.8% · 🌾 52.2%
Archer ×231 · Battering Ram ×8 · Scorpion ×3
Match map
Initial resources + every placement click. Lines = walls · curves = elevation contours. ◆ gold · ⬟ stone · ● berries · ✦ relic · ◌ wall gap
Your base· ✓ Closed at 20:29 · 22t walls · 1 gate(s)
DugTheDog's base· ✓ Closed at 15:05 · 6t walls · no gate
Chris's base· ✓ Closed at 21:17 · 0t walls · no gate
EMMM | TheVuki's base· ✓ Closed at 25:34 · 0t walls · no gate
Chris Becker's base· Open — unwalled flank
HR Benja23's base· ✓ Closed at 14:20 · 0t walls · no gate
LonzoWall's base· ✓ Closed at 21:08 · 0t walls · no gate
anshumessi420's base· ✓ Closed at 21:56 · 63t walls · 2 gate(s)
Smoothed initial terrain · ◌ = detected wall gap · hover for details
Inputs per minute
— Cr0mo - - DugTheDog
Build order — Cr0mo
First 150 of 458 actions detected
| 0:02 | Create | Villager (Male) |
| 0:02 | Create | Villager (Male) |
| 0:02 | Create | Villager (Male) |
| 0:02 | Create | Villager (Male) |
| 0:02 | Create | Villager (Male) |
| 0:02 | Create | Villager (Male) |
| 0:02 | Create | Villager (Male) |
| 0:04 | Build | House |
| 0:07 | Build | House |
| 1:04 | Create | Villager (Male) |
| 1:05 | Create | Villager (Male) |
| 1:33 | Create | Villager (Male) |
| 2:01 | Build | Lumber Camp |
| 2:08 | Create | Villager (Male) |
| 2:09 | Create | Villager (Male) |
| 2:27 | Create | Villager (Male) |
| 3:13 | Create | Villager (Male) |
| 3:13 | Create | Villager (Male) |
| 3:39 | Create | Villager (Male) |
| 3:49 | Create | Villager (Male) |
| 3:56 | Build | House |
| 4:23 | Create | Villager (Male) |
| 4:55 | Create | Villager (Male) |
| 5:34 | Build | Mining Camp |
| 5:48 | Create | Villager (Male) |
| 6:21 | Research | Feudal Age |
| 6:21 | Research | Feudal Age |
| 7:35 | Build | Barracks |
| 7:41 | Build | Palisade Wall |
| 7:43 | Build | Palisade Wall |
| 7:45 | Build | Palisade Wall |
| 8:04 | Build | House |
| 8:31 | Age | Feudal Age |
| 8:33 | Create | Villager (Male) |
| 8:47 | Build | Archery Range |
| 8:48 | Research | Double-Bit Axe |
| 8:50 | Create | Villager (Male) |
| 8:51 | Create | Villager (Male) |
| 9:22 | Build | Stone Wall |
| 9:27 | Create | Villager (Male) |
| 9:38 | Build | House |
| 9:43 | Create | Archer |
| 9:43 | Create | Archer |
| 10:11 | Create | Villager (Male) |
| 10:17 | Build | Mill |
| 10:33 | Create | Villager (Male) |
| 10:34 | Create | Archer |
| 10:35 | Create | Archer |
| 10:35 | Create | Archer |
| 10:48 | Create | Archer |
| 10:52 | Create | Villager (Male) |
| 11:07 | Build | House |
| 11:07 | Build | House |
| 11:12 | Create | Archer |
| 11:19 | Research | Horse Collar |
| 11:19 | Research | Horse Collar |
| 11:26 | Create | Villager (Male) |
| 11:39 | Build | Gate |
| 11:50 | Build | Stone Wall |
| 11:53 | Create | Archer |
| 12:03 | Create | Villager (Male) |
| 12:04 | Build | Farm |
| 12:04 | Build | Farm |
| 12:05 | Build | Farm |
| 12:05 | Build | Farm |
| 12:06 | Create | Villager (Male) |
| 12:08 | Build | Farm |
| 12:21 | Build | House |
| 13:03 | Build | Blacksmith |
| 13:06 | Create | Villager (Male) |
| 13:09 | Create | Archer |
| 13:17 | Create | Villager (Male) |
| 13:23 | Build | Farm |
| 13:40 | Create | Villager (Male) |
| 13:41 | Create | Archer |
| 13:48 | Research | Fletching |
| 13:49 | Research | Fletching |
| 13:50 | Build | House |
| 14:15 | Create | Villager (Male) |
| 14:18 | Build | Farm |
| 14:18 | Build | Farm |
| 14:18 | Build | Farm |
| 14:18 | Build | Farm |
| 14:25 | Build | House |
| 14:40 | Create | Archer |
| 14:44 | Create | Villager (Male) |
| 14:46 | Build | Farm |
| 14:51 | Create | Archer |
| 15:01 | Build | House |
| 15:11 | Build | Farm |
| 15:19 | Create | Villager (Male) |
| 15:29 | Create | Archer |
| 15:36 | Build | Farm |
| 15:39 | Build | Farm |
| 15:43 | Create | Villager (Male) |
| 16:05 | Create | Villager (Male) |
| 16:16 | Create | Villager (Male) |
| 16:19 | Build | Archery Range |
| 16:23 | Create | Villager (Male) |
| 16:23 | Create | Archer |
| 16:38 | Build | Farm |
| 16:52 | Create | Villager (Male) |
| 16:57 | Build | Lumber Camp |
| 17:09 | Create | Archer |
| 17:31 | Build | Lumber Camp |
| 17:35 | Create | Archer |
| 17:44 | Research | Castle Age |
| 17:44 | Research | Castle Age |
| 17:47 | Create | Archer |
| 17:48 | Create | Archer |
| 18:05 | Create | Archer |
| 18:06 | Create | Archer |
| 18:13 | Research | Gold Mining |
| 18:18 | Create | Archer |
| 18:49 | Create | Villager (Male) |
| 18:49 | Create | Archer |
| 18:50 | Create | Archer |
| 19:03 | Create | Archer |
| 19:09 | Build | House |
| 19:09 | Build | House |
| 19:28 | Research | Padded Archer Armor |
| 19:30 | Create | Archer |
| 19:30 | Create | Archer |
| 20:00 | Build | House |
| 20:03 | Build | House |
| 20:20 | Create | Archer |
| 20:29 | Create | Villager (Male) |
| 20:29 | Age | Castle Age |
| 20:31 | Build | Mining Camp |
| 20:33 | Research | Bodkin Arrow |
| 20:34 | Research | Crossbowman (upgrade) |
| 20:38 | Research | Crossbowman (upgrade) |
| 20:39 | Research | Crossbowman (upgrade) |
| 20:43 | Build | Monastery |
| 20:56 | Create | Villager (Male) |
| 20:58 | Build | University |
| 21:06 | Create | Archer |
| 21:06 | Create | Archer |
| 21:06 | Create | Archer |
| 21:07 | Create | Archer |
| 21:10 | Create | Villager (Male) |
| 21:28 | Build | House |
| 21:32 | Build | House |
| 21:43 | Create | Monk |
| 22:12 | Create | Villager (Male) |
| 22:13 | Create | Villager (Male) |
| 22:14 | Build | House |
| 22:24 | Research | Ballistics |
| 22:24 | Research | Ballistics |
| 22:43 | Research | Thumb Ring |
Build order — DugTheDog
First 150 of 480 actions detected
| 0:02 | Create | Villager (Male) ×4 |
| 0:04 | Build | House |
| 0:05 | Build | House |
| 1:30 | Create | Villager (Male) |
| 1:51 | Build | Lumber Camp |
| 1:56 | Build | Lumber Camp |
| 1:58 | Build | Lumber Camp |
| 2:00 | Create | Villager (Male) |
| 2:19 | Create | Villager (Male) |
| 2:20 | Create | Villager (Male) |
| 2:46 | Create | Villager (Male) |
| 3:02 | Create | Villager (Male) |
| 3:02 | Create | Villager (Male) |
| 3:40 | Create | Villager (Male) |
| 3:51 | Build | House |
| 3:57 | Create | Villager (Male) |
| 3:57 | Create | Villager (Male) |
| 4:16 | Build | Mill |
| 4:37 | Create | Villager (Male) |
| 4:45 | Create | Villager (Male) |
| 5:06 | Create | Villager (Male) |
| 5:06 | Create | Villager (Male) |
| 5:06 | Create | Villager (Male) |
| 5:06 | Create | Villager (Male) |
| 5:29 | Create | Villager (Male) |
| 5:29 | Create | Villager (Male) |
| 5:59 | Create | Villager (Male) |
| 5:59 | Create | Villager (Male) |
| 6:05 | Build | House |
| 6:51 | Create | Villager (Male) |
| 7:22 | Create | Villager (Male) |
| 7:41 | Build | Mining Camp |
| 8:06 | Build | House |
| 8:14 | Create | Villager (Male) |
| 8:39 | Create | Villager (Male) |
| 8:42 | Research | Loom |
| 9:11 | Research | Feudal Age |
| 9:13 | Build | Mining Camp |
| 9:49 | Build | House |
| 10:00 | Build | House |
| 10:03 | Build | Palisade Wall |
| 10:18 | Build | Palisade Wall |
| 10:24 | Build | Palisade Wall |
| 10:28 | Build | Barracks |
| 11:09 | Create | Villager (Male) |
| 11:22 | Age | Feudal Age |
| 11:30 | Build | Stable |
| 11:37 | Create | Villager (Male) |
| 11:57 | Build | Blacksmith |
| 12:25 | Research | Castle Age |
| 12:25 | Research | Castle Age |
| 12:59 | Research | Double-Bit Axe |
| 13:00 | Research | Double-Bit Axe |
| 13:10 | Research | Horse Collar |
| 13:10 | Research | Horse Collar |
| 13:10 | Research | Horse Collar |
| 13:27 | Build | Farm |
| 13:40 | Build | Farm |
| 13:55 | Build | Farm |
| 13:57 | Create | Villager (Male) |
| 14:05 | Build | Farm |
| 14:21 | Build | Farm |
| 14:31 | Build | Farm |
| 14:49 | Build | Lumber Camp |
| 15:05 | Age | Castle Age |
| 15:08 | Build | Castle |
| 15:15 | Create | Villager (Male) |
| 15:35 | Create | Villager (Male) |
| 15:39 | Build | Farm |
| 15:42 | Build | Farm |
| 16:01 | Create | Villager (Male) |
| 16:03 | Build | Farm |
| 16:21 | Create | Conquistador |
| 16:26 | Build | Farm |
| 16:33 | Build | Lumber Camp |
| 16:35 | Create | Villager (Male) |
| 16:40 | Create | Conquistador |
| 16:59 | Create | Conquistador |
| 17:05 | Build | Farm |
| 17:20 | Build | Farm |
| 17:21 | Create | Villager (Male) |
| 17:33 | Create | Conquistador |
| 17:33 | Create | Conquistador |
| 17:50 | Build | Farm |
| 18:04 | Create | Conquistador |
| 18:15 | Build | Farm |
| 18:17 | Build | Farm |
| 18:30 | Create | Conquistador |
| 18:30 | Create | Conquistador |
| 18:31 | Create | Villager (Male) |
| 18:31 | Create | Villager (Male) |
| 18:32 | Create | Villager (Male) |
| 18:43 | Build | Siege Workshop |
| 18:52 | Create | Villager (Male) |
| 19:00 | Build | Farm |
| 19:04 | Create | Conquistador |
| 19:14 | Build | Farm |
| 19:15 | Build | Farm |
| 19:17 | Create | Petard |
| 19:17 | Create | Petard |
| 19:24 | Build | Farm |
| 19:25 | Create | Villager (Male) |
| 19:36 | Create | Villager (Male) |
| 19:53 | Create | Conquistador |
| 19:56 | Build | Farm |
| 20:00 | Create | Villager (Male) |
| 20:18 | Create | Conquistador |
| 20:18 | Create | Conquistador |
| 20:25 | Build | Farm |
| 20:27 | Create | Villager (Male) |
| 20:27 | Research | Loom |
| 20:29 | Build | Farm |
| 20:41 | Create | Conquistador |
| 20:47 | Build | Farm |
| 20:56 | Create | Villager (Male) |
| 20:57 | Create | Conquistador |
| 21:09 | Build | Farm |
| 21:23 | Research | Padded Archer Armor |
| 21:24 | Create | Villager (Male) |
| 21:37 | Create | Villager (Male) |
| 21:39 | Build | House |
| 21:40 | Build | Farm |
| 21:42 | Build | House |
| 21:54 | Research | Bloodlines |
| 21:59 | Create | Conquistador |
| 22:10 | Build | Castle |
| 22:15 | Create | Conquistador |
| 22:33 | Research | Leather Archer Armor |
| 22:36 | Create | Villager (Male) |
| 22:36 | Create | Villager (Male) |
| 22:51 | Create | Conquistador |
| 22:51 | Create | Conquistador |
| 23:00 | Create | Villager (Male) |
| 23:08 | Create | Conquistador |
| 23:08 | Create | Conquistador |
| 23:22 | Create | Conquistador |
| 23:23 | Create | Villager (Male) |
| 23:24 | Create | Villager (Male) |
| 23:33 | Build | House |
| 23:42 | Create | Conquistador |
| 23:45 | Create | Villager (Male) |
| 23:45 | Create | Villager (Male) |
| 23:57 | Build | House |
| 24:09 | Build | House |
| 24:10 | Build | House |
| 24:25 | Build | Market |
| 24:30 | Create | Conquistador |
| 24:31 | Create | Conquistador |
| 24:33 | Create | Conquistador |
| 24:36 | Build | Castle |
Build order — Chris
First 150 of 372 actions detected
| 0:00 | Create | Villager (Male) |
| 0:01 | Create | Villager (Male) |
| 0:02 | Build | House |
| 0:04 | Build | House |
| 0:09 | Create | Villager (Male) |
| 0:11 | Create | Villager (Male) |
| 0:23 | Create | Villager (Male) |
| 0:23 | Create | Villager (Male) |
| 1:39 | Create | Villager (Male) |
| 2:22 | Create | Villager (Male) |
| 2:38 | Create | Villager (Male) |
| 2:46 | Create | Villager (Male) |
| 2:46 | Create | Villager (Male) |
| 3:07 | Build | Lumber Camp |
| 3:28 | Create | Villager (Male) |
| 3:37 | Build | House |
| 3:47 | Create | Villager (Male) |
| 4:51 | Create | Villager (Male) |
| 5:20 | Create | Villager (Male) |
| 5:45 | Build | Mill |
| 5:52 | Create | Villager (Male) |
| 6:23 | Research | Feudal Age |
| 7:04 | Build | House |
| 7:38 | Build | Barracks |
| 8:05 | Create | Villager (Male) |
| 8:33 | Age | Feudal Age |
| 8:40 | Build | Stable |
| 8:46 | Create | Villager (Male) |
| 9:02 | Create | Villager (Male) |
| 9:21 | Create | Scout Cavalry |
| 9:29 | Build | House |
| 9:41 | Build | Farm |
| 9:43 | Research | Double-Bit Axe |
| 9:44 | Create | Villager (Male) |
| 9:47 | Create | Scout Cavalry |
| 10:19 | Create | Scout Cavalry |
| 10:29 | Create | Scout Cavalry |
| 10:34 | Create | Scout Cavalry |
| 10:35 | Create | Villager (Male) |
| 10:35 | Create | Villager (Male) |
| 10:38 | Build | Farm |
| 10:47 | Create | Villager (Male) |
| 10:57 | Build | Farm |
| 11:01 | Create | Villager (Male) |
| 11:03 | Build | Farm |
| 11:05 | Build | House |
| 11:31 | Build | House |
| 11:42 | Create | Scout Cavalry |
| 11:45 | Create | Villager (Male) |
| 11:47 | Build | Farm |
| 11:53 | Create | Villager (Male) |
| 11:59 | Create | Villager (Male) |
| 12:08 | Build | Farm |
| 12:11 | Create | Scout Cavalry |
| 12:16 | Build | Farm |
| 12:26 | Build | Farm |
| 12:39 | Create | Scout Cavalry |
| 12:46 | Build | Farm |
| 12:57 | Create | Scout Cavalry |
| 13:09 | Create | Scout Cavalry |
| 13:11 | Create | Villager (Male) |
| 13:13 | Build | Farm |
| 13:15 | Create | Villager (Male) |
| 13:26 | Build | Farm |
| 13:27 | Build | Farm |
| 13:48 | Create | Scout Cavalry |
| 13:57 | Create | Villager (Male) |
| 14:00 | Create | Villager (Male) |
| 14:03 | Build | Farm |
| 14:04 | Build | House |
| 14:12 | Research | Loom |
| 14:46 | Build | House |
| 14:46 | Create | Villager (Male) |
| 15:11 | Create | Scout Cavalry |
| 15:12 | Create | Villager (Male) |
| 15:16 | Build | House |
| 15:29 | Build | Blacksmith |
| 15:32 | Create | Villager (Male) |
| 15:36 | Build | Farm |
| 15:41 | Create | Scout Cavalry |
| 15:41 | Create | Villager (Male) |
| 15:51 | Build | Farm |
| 16:01 | Create | Villager (Male) |
| 16:23 | Build | Market |
| 16:31 | Build | Farm |
| 16:32 | Build | Farm |
| 16:33 | Build | Farm |
| 16:39 | Create | Villager (Male) |
| 17:12 | Build | Mining Camp |
| 17:17 | Create | Villager (Male) |
| 17:22 | Research | Wheelbarrow |
| 18:27 | Research | Castle Age |
| 18:48 | Build | Farm |
| 19:04 | Build | Farm |
| 19:05 | Build | Farm |
| 19:30 | Build | Farm |
| 19:35 | Research | Bloodlines |
| 19:37 | Research | Scale Barding Armor |
| 19:42 | Build | House |
| 19:55 | Build | Farm |
| 20:08 | Create | Scout Cavalry |
| 20:08 | Create | Scout Cavalry |
| 20:22 | Build | Farm |
| 20:28 | Build | Stable |
| 20:43 | Build | Farm |
| 20:45 | Research | Horse Collar |
| 21:17 | Age | Castle Age |
| 21:17 | Research | Forging |
| 21:25 | Research | Light Cavalry (upgrade) |
| 21:26 | Research | Husbandry |
| 21:32 | Build | Watch Tower |
| 21:34 | Build | Monastery |
| 21:50 | Create | Villager (Male) |
| 22:03 | Create | Villager (Male) |
| 22:11 | Create | Villager (Male) |
| 22:17 | Create | Monk |
| 22:33 | Build | Stable |
| 22:34 | Create | Knight |
| 22:34 | Create | Knight |
| 22:35 | Create | Knight |
| 22:51 | Create | Villager (Male) |
| 23:16 | Create | Villager (Male) |
| 23:21 | Create | Villager (Male) |
| 23:22 | Create | Knight |
| 23:23 | Create | Knight |
| 23:23 | Create | Knight |
| 23:38 | Create | Knight |
| 23:49 | Create | Villager (Male) |
| 23:54 | Create | Villager (Male) |
| 23:59 | Create | Knight |
| 23:59 | Create | Knight |
| 24:13 | Create | Villager (Male) |
| 24:25 | Create | Villager (Male) |
| 24:32 | Create | Knight |
| 24:32 | Create | Knight |
| 24:37 | Create | Monk |
| 24:52 | Create | Villager (Male) |
| 25:41 | Build | Town Center |
| 25:42 | Create | Villager (Male) |
| 25:57 | Create | Villager (Male) |
| 26:44 | Create | Knight |
| 26:44 | Create | Knight |
| 26:45 | Create | Knight |
| 26:45 | Create | Knight |
| 26:50 | Research | Chain Barding Armor |
| 26:51 | Create | Villager (Male) |
| 26:52 | Create | Villager (Male) |
| 26:57 | Create | Monk |
| 27:07 | Create | Villager (Male) |
| 27:14 | Build | Lumber Camp |
Build order — EMMM | TheVuki
First 150 of 421 actions detected
| 0:03 | Build | House |
| 0:04 | Build | House |
| 0:07 | Research | Loom |
| 1:03 | Create | Villager (Male) |
| 1:32 | Create | Villager (Male) |
| 1:58 | Create | Villager (Male) |
| 1:58 | Create | Villager (Male) |
| 2:25 | Create | Villager (Male) |
| 2:25 | Create | Villager (Male) |
| 2:35 | Create | Villager (Male) |
| 2:53 | Build | Lumber Camp |
| 2:56 | Create | Villager (Male) |
| 3:15 | Create | Villager (Male) |
| 3:43 | Create | Villager (Male) |
| 3:54 | Create | Villager (Male) |
| 4:02 | Create | Villager (Male) |
| 4:23 | Create | Villager (Male) |
| 4:51 | Create | Villager (Male) |
| 5:24 | Build | Mill |
| 6:09 | Create | Villager (Male) |
| 6:24 | Create | Villager (Male) |
| 6:47 | Create | Villager (Male) |
| 7:20 | Research | Feudal Age |
| 8:34 | Build | Barracks |
| 8:59 | Build | House |
| 9:35 | Age | Feudal Age |
| 9:37 | Build | Stable |
| 9:38 | Create | Spearman |
| 9:38 | Create | Spearman |
| 9:39 | Create | Villager (Male) |
| 9:40 | Create | Villager (Male) |
| 9:54 | Research | Double-Bit Axe |
| 10:08 | Build | House |
| 10:32 | Create | Scout Cavalry |
| 10:32 | Create | Scout Cavalry |
| 10:33 | Create | Scout Cavalry |
| 10:43 | Create | Villager (Male) |
| 10:43 | Create | Villager (Male) |
| 10:45 | Research | Horse Collar |
| 10:49 | Create | Villager (Male) |
| 10:53 | Create | Scout Cavalry |
| 11:20 | Build | Lumber Camp |
| 11:26 | Create | Scout Cavalry |
| 11:26 | Create | Villager (Male) |
| 11:33 | Create | Spearman |
| 11:53 | Create | Scout Cavalry |
| 11:59 | Build | Farm |
| 12:15 | Create | Scout Cavalry |
| 12:19 | Create | Villager (Male) |
| 12:19 | Create | Villager (Male) |
| 12:20 | Build | House |
| 12:21 | Build | House |
| 12:23 | Build | Farm |
| 12:26 | Build | Farm |
| 12:36 | Build | House |
| 12:44 | Create | Scout Cavalry |
| 13:13 | Create | Villager (Male) |
| 13:21 | Create | Villager (Male) |
| 13:23 | Build | Farm |
| 13:24 | Build | Farm |
| 13:26 | Build | Farm |
| 13:27 | Build | Farm |
| 13:30 | Build | Farm |
| 13:38 | Build | Farm |
| 14:00 | Create | Scout Cavalry |
| 14:00 | Create | Villager (Male) |
| 14:04 | Build | Blacksmith |
| 14:14 | Build | Farm |
| 14:19 | Build | Farm |
| 14:21 | Create | Scout Cavalry |
| 14:35 | Build | House |
| 14:50 | Create | Villager (Male) |
| 14:54 | Build | Farm |
| 14:56 | Build | Farm |
| 15:01 | Build | Farm |
| 15:04 | Create | Villager (Male) |
| 15:06 | Build | House |
| 15:13 | Create | Scout Cavalry |
| 15:18 | Build | Farm |
| 15:25 | Build | Farm |
| 15:33 | Create | Villager (Male) |
| 15:38 | Build | Farm |
| 15:51 | Create | Scout Cavalry |
| 15:56 | Build | Farm |
| 16:02 | Create | Spearman |
| 16:07 | Build | Farm |
| 16:10 | Create | Villager (Male) |
| 16:10 | Create | Villager (Male) |
| 16:19 | Create | Spearman |
| 16:24 | Build | Farm |
| 16:24 | Create | Villager (Male) |
| 16:42 | Build | Mining Camp |
| 16:44 | Create | Villager (Male) |
| 16:48 | Build | Farm |
| 17:00 | Create | Scout Cavalry |
| 17:09 | Research | Forging |
| 17:14 | Create | Villager (Male) |
| 17:19 | Build | Farm |
| 17:22 | Build | Farm |
| 17:23 | Build | Farm |
| 17:29 | Create | Spearman |
| 17:31 | Create | Villager (Male) |
| 17:47 | Build | Farm |
| 17:54 | Build | Farm |
| 17:54 | Create | Villager (Male) |
| 17:55 | Create | Scout Cavalry |
| 17:56 | Create | Villager (Male) |
| 17:58 | Build | House |
| 18:02 | Build | House |
| 18:13 | Research | Scale Barding Armor |
| 18:36 | Research | Bloodlines |
| 18:36 | Create | Villager (Male) |
| 18:39 | Create | Villager (Male) |
| 18:59 | Create | Scout Cavalry |
| 19:08 | Build | Stable |
| 19:12 | Create | Scout Cavalry |
| 19:13 | Create | Villager (Male) |
| 19:19 | Build | Farm |
| 19:20 | Build | Farm |
| 19:26 | Create | Scout Cavalry |
| 19:31 | Build | House |
| 19:49 | Build | House |
| 19:56 | Create | Villager (Male) |
| 19:56 | Create | Villager (Male) |
| 19:57 | Create | Villager (Male) |
| 20:01 | Build | House |
| 20:01 | Build | House |
| 20:03 | Build | House |
| 20:08 | Create | Villager (Male) |
| 20:20 | Create | Scout Cavalry |
| 20:45 | Build | Stable |
| 20:54 | Create | Scout Cavalry |
| 20:54 | Create | Scout Cavalry |
| 20:55 | Create | Villager (Male) |
| 20:56 | Create | Scout Cavalry |
| 21:05 | Create | Villager (Male) |
| 21:10 | Research | Wheelbarrow |
| 21:10 | Create | Villager (Male) |
| 21:22 | Create | Scout Cavalry |
| 21:43 | Create | Scout Cavalry |
| 21:43 | Create | Scout Cavalry |
| 21:43 | Create | Scout Cavalry |
| 21:58 | Create | Scout Cavalry |
| 21:58 | Create | Scout Cavalry |
| 21:58 | Create | Scout Cavalry |
| 22:08 | Build | Stable |
| 22:20 | Build | Lumber Camp |
| 22:39 | Build | Stable |
| 22:54 | Research | Castle Age |
| 22:54 | Research | Castle Age |
Build order — Chris Becker
First 150 of 594 actions detected
| 0:02 | Create | Villager (Male) |
| 0:02 | Create | Villager (Male) |
| 0:03 | Create | Villager (Male) |
| 0:04 | Build | House |
| 0:06 | Build | House |
| 0:07 | Create | Villager (Male) |
| 0:07 | Create | Villager (Male) |
| 1:28 | Create | Villager (Male) |
| 1:28 | Create | Villager (Male) |
| 2:04 | Create | Villager (Male) |
| 2:05 | Create | Villager (Male) |
| 2:05 | Create | Villager (Male) |
| 2:26 | Create | Villager (Male) |
| 2:27 | Create | Villager (Male) |
| 3:15 | Build | Lumber Camp |
| 3:17 | Create | Villager (Male) |
| 3:17 | Create | Villager (Male) |
| 3:31 | Create | Villager (Male) |
| 3:32 | Create | Villager (Male) |
| 3:32 | Create | Villager (Male) |
| 3:54 | Build | House |
| 4:07 | Create | Villager (Male) |
| 4:08 | Create | Villager (Male) |
| 5:01 | Create | Villager (Male) |
| 5:08 | Build | Mill |
| 5:10 | Create | Villager (Male) |
| 5:29 | Build | House |
| 5:50 | Create | Villager (Male) |
| 6:11 | Create | Villager (Male) |
| 6:39 | Create | Villager (Male) |
| 6:46 | Build | Mining Camp |
| 7:05 | Create | Villager (Male) |
| 7:09 | Create | Villager (Male) |
| 7:51 | Research | Feudal Age |
| 8:26 | Build | House |
| 9:37 | Create | Villager (Male) |
| 10:07 | Age | Feudal Age |
| 10:18 | Build | Market |
| 10:25 | Create | Villager (Male) |
| 10:37 | Build | Blacksmith |
| 10:47 | Create | Villager (Male) |
| 11:30 | Create | Villager (Male) |
| 12:01 | Research | Castle Age |
| 12:50 | Research | Double-Bit Axe |
| 13:34 | Research | Horse Collar |
| 13:40 | Build | House |
| 13:50 | Build | Farm |
| 13:52 | Build | Farm |
| 13:53 | Build | Farm |
| 13:57 | Build | Farm |
| 14:01 | Build | Farm |
| 14:02 | Build | Farm |
| 14:21 | Build | Farm |
| 14:41 | Age | Castle Age |
| 14:43 | Research | Bow Saw |
| 14:55 | Build | Town Center |
| 14:58 | Create | Villager (Male) |
| 14:59 | Create | Villager (Male) |
| 15:04 | Build | Monastery |
| 15:25 | Create | Villager (Male) |
| 15:27 | Build | Farm |
| 15:46 | Create | Villager (Male) |
| 15:49 | Create | Monk |
| 15:55 | Build | House |
| 15:57 | Build | House |
| 15:58 | Build | House |
| 15:59 | Build | House |
| 16:04 | Create | Villager (Male) |
| 16:05 | Build | Farm |
| 16:17 | Create | Villager (Male) |
| 16:26 | Build | Town Center |
| 16:30 | Create | Villager (Male) |
| 17:00 | Create | Villager (Male) |
| 17:01 | Create | Villager (Male) |
| 17:01 | Create | Villager (Male) |
| 17:03 | Build | Farm |
| 17:13 | Build | Farm |
| 17:20 | Build | Farm |
| 17:23 | Create | Villager (Male) |
| 17:23 | Create | Villager (Male) |
| 17:26 | Build | Farm |
| 17:31 | Build | Farm |
| 17:33 | Build | Farm |
| 17:38 | Build | Farm |
| 17:39 | Build | Farm |
| 17:46 | Build | Farm |
| 17:48 | Create | Villager (Male) |
| 17:48 | Create | Villager (Male) |
| 17:50 | Build | Farm |
| 18:01 | Build | Farm |
| 18:03 | Create | Villager (Male) |
| 18:16 | Build | Farm |
| 18:19 | Build | Farm |
| 18:24 | Research | Gold Mining |
| 18:42 | Create | Villager (Male) |
| 18:44 | Create | Villager (Male) |
| 18:45 | Create | Villager (Male) |
| 18:55 | Build | Mining Camp |
| 18:57 | Create | Villager (Male) |
| 19:09 | Build | Farm |
| 19:11 | Create | Villager (Male) |
| 19:14 | Build | Farm |
| 19:19 | Build | Farm |
| 19:26 | Create | Villager (Male) |
| 19:30 | Create | Villager (Male) |
| 19:33 | Create | Villager (Male) |
| 19:34 | Build | Farm |
| 19:40 | Build | Farm |
| 19:45 | Create | Villager (Male) |
| 19:48 | Build | Farm |
| 19:51 | Create | Villager (Male) |
| 19:52 | Create | Villager (Male) |
| 19:55 | Build | Farm |
| 20:02 | Create | Villager (Male) |
| 20:05 | Build | Farm |
| 20:14 | Research | Wheelbarrow |
| 20:20 | Build | Farm |
| 20:23 | Create | Villager (Male) |
| 20:30 | Build | Farm |
| 20:34 | Build | Farm |
| 20:40 | Create | Villager (Male) |
| 20:41 | Create | Villager (Male) |
| 20:54 | Create | Villager (Male) |
| 20:54 | Create | Villager (Male) |
| 20:58 | Build | Farm |
| 21:05 | Build | Farm |
| 21:10 | Create | Villager (Male) |
| 21:28 | Build | Farm |
| 21:34 | Build | Town Center |
| 21:36 | Create | Villager (Male) |
| 21:38 | Build | Farm |
| 21:42 | Create | Villager (Male) |
| 21:44 | Create | Villager (Male) |
| 21:44 | Create | Villager (Male) |
| 21:50 | Research | Hand Cart |
| 22:01 | Create | Villager (Male) |
| 22:01 | Create | Villager (Male) |
| 22:03 | Create | Villager (Male) |
| 22:09 | Create | Villager (Male) |
| 22:47 | Create | Villager (Male) |
| 22:47 | Create | Villager (Male) |
| 22:55 | Create | Villager (Male) |
| 23:04 | Build | House |
| 23:04 | Build | House |
| 23:13 | Build | Barracks |
| 23:20 | Build | Farm |
| 23:22 | Build | Farm |
| 23:23 | Build | Farm |
| 23:25 | Build | Farm |
| 23:28 | Create | Villager (Male) |
Build order — HR Benja23
First 150 of 470 actions detected
| 0:07 | Build | House |
| 0:08 | Build | House |
| 0:09 | Create | Villager (Male) ×4 |
| 0:09 | Create | Villager (Male) ×4 |
| 1:27 | Create | Villager (Male) |
| 2:10 | Create | Villager (Male) |
| 2:16 | Create | Villager (Male) |
| 2:37 | Create | Villager (Male) |
| 2:37 | Create | Villager (Male) |
| 3:06 | Create | Villager (Male) |
| 3:06 | Create | Villager (Male) |
| 3:22 | Create | Villager (Male) |
| 3:23 | Create | Villager (Male) |
| 3:54 | Create | Villager (Male) |
| 3:55 | Create | Villager (Male) |
| 4:06 | Build | House |
| 4:31 | Create | Villager (Male) |
| 5:04 | Create | Villager (Male) |
| 5:22 | Build | Mill |
| 5:30 | Create | Villager (Male) |
| 5:45 | Build | House |
| 6:21 | Create | Villager (Male) |
| 6:30 | Create | Villager (Male) |
| 6:30 | Create | Villager (Male) |
| 6:31 | Create | Villager (Male) |
| 7:12 | Build | Mule Cart |
| 7:22 | Build | House |
| 8:11 | Research | Feudal Age |
| 9:13 | Create | Villager (Male) |
| 9:14 | Create | Villager (Male) |
| 10:39 | Age | Feudal Age |
| 10:41 | Build | Market |
| 10:43 | Build | Blacksmith |
| 11:40 | Research | Castle Age |
| 12:32 | Research | Horse Collar |
| 12:38 | Build | House |
| 13:07 | Build | Farm |
| 13:08 | Build | Farm |
| 13:09 | Build | Farm |
| 13:14 | Build | Farm |
| 13:16 | Build | House |
| 13:36 | Research | Double-Bit Axe |
| 14:17 | Create | Villager (Male) |
| 14:17 | Create | Villager (Male) |
| 14:20 | Age | Castle Age |
| 14:21 | Build | Town Center |
| 14:35 | Build | Town Center |
| 14:38 | Create | Villager (Male) |
| 15:02 | Create | Villager (Male) |
| 15:03 | Build | Farm |
| 15:24 | Build | Farm |
| 15:47 | Create | Villager (Male) |
| 15:58 | Create | Villager (Male) |
| 15:58 | Create | Villager (Male) |
| 16:04 | Create | Villager (Male) |
| 16:06 | Build | Farm |
| 16:08 | Build | Farm |
| 16:09 | Build | Farm |
| 16:18 | Create | Villager (Male) |
| 16:29 | Create | Villager (Male) |
| 16:29 | Create | Villager (Male) |
| 16:33 | Build | Farm |
| 16:34 | Build | Farm |
| 16:36 | Build | Farm |
| 16:38 | Build | Farm |
| 16:59 | Create | Villager (Male) ×2 |
| 16:59 | Create | Villager (Male) ×2 |
| 17:25 | Create | Villager (Male) ×5 |
| 17:25 | Create | Villager (Male) ×5 |
| 17:25 | Create | Villager (Male) |
| 17:50 | Create | Villager (Male) |
| 17:50 | Create | Villager (Male) |
| 17:50 | Create | Villager (Male) |
| 17:53 | Build | Farm |
| 17:56 | Build | Farm |
| 17:58 | Build | Farm |
| 18:00 | Build | Farm |
| 18:04 | Create | Villager (Male) |
| 18:04 | Create | Villager (Male) |
| 18:21 | Build | Town Center |
| 18:29 | Create | Villager (Male) |
| 18:30 | Create | Villager (Male) |
| 18:30 | Create | Villager (Male) |
| 18:33 | Build | Farm |
| 18:33 | Build | Farm |
| 18:38 | Build | Farm |
| 18:39 | Create | Villager (Male) |
| 18:40 | Create | Villager (Male) |
| 19:09 | Build | House |
| 19:13 | Create | Villager (Male) ×3 |
| 19:20 | Build | Monastery |
| 19:28 | Create | Villager (Male) ×2 |
| 19:42 | Build | Monastery |
| 19:48 | Create | Villager (Male) ×2 |
| 19:48 | Create | Villager (Male) ×2 |
| 19:55 | Create | Villager (Male) ×3 |
| 20:05 | Build | Monastery |
| 20:09 | Create | Villager (Male) |
| 20:10 | Create | Villager (Male) |
| 20:12 | Build | Farm |
| 20:29 | Create | Villager (Male) ×2 |
| 20:29 | Create | Villager (Male) ×2 |
| 20:32 | Build | Mule Cart |
| 20:36 | Build | House |
| 20:37 | Build | House |
| 20:37 | Build | House |
| 20:39 | Build | House |
| 20:42 | Build | Farm |
| 20:48 | Research | Wheelbarrow |
| 20:52 | Create | Villager (Male) |
| 20:52 | Create | Villager (Male) |
| 20:52 | Create | Villager (Male) |
| 20:55 | Build | Farm |
| 20:56 | Build | Farm |
| 20:57 | Build | Farm |
| 21:03 | Build | Farm |
| 21:10 | Create | Villager (Male) ×2 |
| 21:10 | Create | Villager (Male) ×2 |
| 21:11 | Create | Villager (Male) |
| 21:12 | Create | Villager (Male) |
| 21:25 | Create | Monk |
| 21:27 | Create | Monk |
| 21:35 | Build | House |
| 21:36 | Build | House |
| 21:40 | Create | Villager (Male) ×3 |
| 21:41 | Create | Villager (Male) |
| 21:41 | Create | Villager (Male) |
| 21:43 | Build | Monastery |
| 21:48 | Build | Monastery |
| 21:56 | Create | Villager (Male) |
| 21:57 | Create | Villager (Male) |
| 21:58 | Create | Villager (Male) |
| 22:03 | Build | Farm |
| 22:05 | Build | Farm |
| 22:12 | Create | Villager (Male) ×2 |
| 22:12 | Create | Villager (Male) ×2 |
| 22:32 | Create | Villager (Male) ×3 |
| 22:34 | Create | Villager (Male) |
| 22:34 | Create | Villager (Male) |
| 22:36 | Build | Mill |
| 22:37 | Build | Farm |
| 22:37 | Build | Farm |
| 22:38 | Build | Farm |
| 22:38 | Build | Farm |
| 22:38 | Build | Farm |
| 22:39 | Build | Farm |
| 22:44 | Create | Villager (Male) |
| 22:44 | Create | Villager (Male) |
| 23:00 | Create | Villager (Male) ×4 |
| 23:03 | Create | Villager (Male) |
Build order — LonzoWall
First 150 of 565 actions detected
| 0:01 | Create | Villager (Male) |
| 0:02 | Build | House |
| 0:04 | Build | House |
| 0:15 | Create | Villager (Male) |
| 0:17 | Create | Villager (Male) |
| 0:38 | Create | Villager (Male) |
| 1:35 | Create | Villager (Male) |
| 1:50 | Build | Lumber Camp |
| 2:00 | Create | Villager (Male) |
| 2:15 | Create | Villager (Male) |
| 2:55 | Create | Villager (Male) |
| 3:20 | Create | Villager (Male) |
| 3:46 | Create | Villager (Male) |
| 4:04 | Build | Mill |
| 4:12 | Create | Villager (Male) |
| 4:32 | Create | Villager (Male) |
| 5:10 | Create | Villager (Male) |
| 5:32 | Research | Loom |
| 5:32 | Research | Loom |
| 6:05 | Research | Feudal Age |
| 6:05 | Research | Feudal Age |
| 6:57 | Build | Barracks |
| 7:26 | Build | House |
| 8:15 | Age | Feudal Age |
| 8:17 | Build | Stable |
| 8:17 | Create | Villager (Male) |
| 8:37 | Create | Villager (Male) |
| 8:57 | Create | Spearman |
| 9:00 | Create | Scout Cavalry |
| 9:00 | Create | Scout Cavalry |
| 9:05 | Build | House |
| 9:22 | Create | Villager (Male) |
| 9:27 | Create | Scout Cavalry |
| 9:34 | Build | Lumber Camp |
| 9:45 | Create | Villager (Male) |
| 10:01 | Create | Spearman |
| 10:14 | Create | Villager (Male) |
| 10:35 | Create | Scout Cavalry |
| 10:56 | Create | Villager (Male) |
| 10:58 | Build | House |
| 11:02 | Build | House |
| 11:23 | Create | Villager (Male) |
| 11:36 | Create | Scout Cavalry |
| 11:51 | Create | Villager (Male) |
| 12:03 | Build | Farm |
| 12:05 | Build | Farm |
| 12:07 | Build | Farm |
| 12:12 | Create | Scout Cavalry |
| 12:19 | Create | Villager (Male) |
| 12:22 | Build | Farm |
| 12:26 | Build | Farm |
| 12:31 | Create | Scout Cavalry |
| 12:53 | Create | Scout Cavalry |
| 12:53 | Create | Villager (Male) |
| 12:57 | Build | Blacksmith |
| 13:14 | Create | Villager (Male) |
| 13:24 | Build | House |
| 13:50 | Research | Double-Bit Axe |
| 14:04 | Research | Horse Collar |
| 14:04 | Research | Horse Collar |
| 14:08 | Create | Villager (Male) |
| 14:28 | Create | Villager (Male) |
| 14:30 | Build | Mining Camp |
| 14:57 | Create | Villager (Male) |
| 15:01 | Build | House |
| 15:18 | Create | Villager (Male) |
| 15:42 | Build | Mill |
| 15:48 | Create | Villager (Male) |
| 16:05 | Build | Lumber Camp |
| 16:20 | Build | Farm |
| 16:21 | Build | Farm |
| 16:23 | Build | Farm |
| 16:24 | Build | Farm |
| 16:26 | Create | Villager (Male) |
| 16:45 | Build | Farm |
| 16:48 | Build | Farm |
| 16:51 | Create | Villager (Male) |
| 17:10 | Create | Villager (Male) |
| 17:12 | Build | Farm |
| 17:34 | Build | Farm |
| 17:44 | Create | Villager (Male) |
| 18:21 | Build | Farm |
| 18:28 | Research | Castle Age |
| 18:28 | Research | Castle Age |
| 19:32 | Research | Bloodlines |
| 19:32 | Research | Bloodlines |
| 20:52 | Build | Market |
| 21:06 | Research | Forging |
| 21:06 | Research | Forging |
| 21:08 | Age | Castle Age |
| 21:12 | Research | Light Cavalry (upgrade) |
| 21:12 | Create | Villager (Male) |
| 21:20 | Build | Town Center |
| 21:27 | Create | Villager (Male) |
| 21:52 | Create | Villager (Male) |
| 21:58 | Create | Villager (Male) |
| 22:00 | Build | Farm |
| 22:04 | Build | Town Center |
| 22:27 | Create | Villager (Male) |
| 22:28 | Build | Farm |
| 22:31 | Create | Villager (Male) |
| 22:34 | Build | Town Center |
| 22:36 | Build | Farm |
| 22:36 | Build | Farm |
| 22:37 | Build | Farm |
| 22:41 | Create | Villager (Male) |
| 23:07 | Create | Villager (Male) |
| 23:20 | Create | Villager (Male) |
| 23:24 | Build | Mill |
| 23:25 | Build | Farm |
| 23:25 | Build | Farm |
| 23:25 | Build | Farm |
| 23:26 | Build | Farm |
| 23:26 | Build | Farm |
| 23:26 | Build | Farm |
| 23:26 | Build | Farm |
| 23:27 | Build | Farm |
| 23:36 | Create | Villager (Male) |
| 23:38 | Create | Villager (Male) |
| 23:40 | Create | Villager (Male) |
| 23:46 | Create | Villager (Male) |
| 23:49 | Create | Villager (Male) |
| 23:50 | Create | Villager (Male) |
| 24:00 | Build | Mill |
| 24:01 | Build | Farm |
| 24:01 | Build | Farm |
| 24:01 | Build | Farm |
| 24:02 | Build | Farm |
| 24:02 | Build | Farm |
| 24:02 | Build | Farm |
| 24:02 | Build | Farm |
| 24:02 | Build | Farm |
| 24:03 | Build | Farm |
| 24:03 | Build | Farm |
| 24:07 | Create | Villager (Male) |
| 24:08 | Create | Villager (Male) |
| 24:19 | Research | Wheelbarrow |
| 24:19 | Research | Wheelbarrow |
| 24:20 | Create | Villager (Male) |
| 24:23 | Create | Villager (Male) |
| 24:35 | Create | Villager (Male) |
| 24:38 | Create | Villager (Male) |
| 24:43 | Create | Villager (Male) |
| 24:51 | Create | Villager (Male) |
| 24:56 | Build | Mining Camp |
| 24:59 | Create | Villager (Male) |
| 25:01 | Create | Villager (Male) |
| 25:11 | Create | Villager (Male) |
| 25:20 | Create | Villager (Male) |
| 25:22 | Create | Villager (Male) |
Build order — anshumessi420
First 150 of 482 actions detected
| 0:01 | Create | Villager (Male) |
| 0:01 | Create | Villager (Male) |
| 0:02 | Build | House |
| 0:03 | Build | House |
| 0:09 | Create | Villager (Male) |
| 0:09 | Create | Villager (Male) |
| 0:09 | Create | Villager (Male) |
| 0:10 | Create | Villager (Male) |
| 1:10 | Create | Villager (Male) |
| 1:10 | Create | Villager (Male) |
| 1:40 | Create | Villager (Male) |
| 1:40 | Create | Villager (Male) |
| 1:46 | Build | Lumber Camp |
| 2:04 | Create | Villager (Male) |
| 2:36 | Create | Villager (Male) |
| 2:37 | Create | Villager (Male) |
| 3:03 | Create | Villager (Male) |
| 3:03 | Create | Villager (Male) |
| 3:03 | Create | Villager (Male) |
| 3:36 | Create | Villager (Male) |
| 3:36 | Create | Villager (Male) |
| 3:37 | Create | Villager (Male) |
| 3:52 | Build | House |
| 3:59 | Create | Villager (Male) |
| 4:00 | Create | Villager (Male) |
| 4:00 | Create | Villager (Male) |
| 4:26 | Create | Villager (Male) |
| 4:27 | Create | Villager (Male) |
| 4:27 | Create | Villager (Male) |
| 4:54 | Create | Villager (Male) |
| 5:06 | Create | Villager (Male) |
| 5:33 | Create | Villager (Male) |
| 5:36 | Create | Villager (Male) |
| 5:54 | Build | Mining Camp |
| 5:58 | Research | Loom |
| 7:03 | Research | Feudal Age |
| 7:25 | Create | Villager (Male) |
| 7:25 | Create | Villager (Male) |
| 7:32 | Build | Barracks |
| 8:11 | Build | House |
| 9:16 | Age | Feudal Age |
| 9:22 | Build | Archery Range |
| 9:30 | Build | Archery Range |
| 9:44 | Create | Villager (Male) |
| 10:13 | Create | Villager (Male) |
| 10:14 | Build | House |
| 10:16 | Create | Archer |
| 10:16 | Create | Archer |
| 10:35 | Create | Archer |
| 10:37 | Create | Villager (Male) |
| 10:42 | Build | House |
| 10:46 | Build | House |
| 10:48 | Create | Villager (Male) |
| 10:53 | Create | Archer |
| 11:06 | Research | Double-Bit Axe |
| 11:16 | Create | Archer |
| 11:23 | Create | Archer |
| 11:36 | Create | Villager (Male) |
| 11:42 | Build | Blacksmith |
| 11:49 | Create | Villager (Male) |
| 11:53 | Create | Archer |
| 11:54 | Create | Archer |
| 12:06 | Create | Archer |
| 12:06 | Create | Archer |
| 12:07 | Create | Archer |
| 12:16 | Create | Villager (Male) |
| 12:25 | Build | House |
| 12:27 | Create | Archer |
| 12:37 | Build | Mill |
| 12:46 | Create | Villager (Male) |
| 12:51 | Research | Fletching |
| 12:58 | Create | Villager (Male) |
| 13:01 | Build | House |
| 13:05 | Build | House |
| 13:09 | Create | Archer |
| 13:13 | Create | Archer |
| 13:14 | Create | Archer |
| 13:14 | Create | Archer |
| 13:14 | Create | Archer |
| 13:35 | Build | Farm |
| 13:38 | Create | Villager (Male) |
| 13:49 | Create | Villager (Male) |
| 13:58 | Build | Farm |
| 13:59 | Build | Farm |
| 14:02 | Create | Archer |
| 14:02 | Create | Archer |
| 14:13 | Create | Archer |
| 14:22 | Build | Farm |
| 14:24 | Create | Villager (Male) |
| 14:48 | Create | Archer |
| 14:48 | Create | Archer |
| 14:57 | Build | Stone Wall |
| 15:00 | Create | Villager (Male) |
| 15:10 | Build | Stone Wall |
| 15:13 | Create | Villager (Male) |
| 15:15 | Build | Farm |
| 15:16 | Build | Farm |
| 15:18 | Create | Archer |
| 15:18 | Create | Archer |
| 15:26 | Build | Gate |
| 15:28 | Build | Stone Wall |
| 15:36 | Create | Villager (Male) |
| 15:39 | Create | Archer |
| 15:39 | Create | Archer |
| 15:44 | Build | Farm |
| 15:59 | Create | Villager (Male) |
| 16:01 | Build | House |
| 16:06 | Build | Farm |
| 16:13 | Build | House |
| 16:22 | Create | Archer |
| 16:26 | Create | Villager (Male) |
| 16:28 | Build | Farm |
| 16:36 | Create | Archer |
| 16:53 | Create | Villager (Male) |
| 16:56 | Create | Archer |
| 16:59 | Build | Farm |
| 17:11 | Create | Archer |
| 17:11 | Create | Archer |
| 17:19 | Build | Farm |
| 17:22 | Create | Villager (Male) |
| 17:26 | Create | Archer |
| 17:39 | Create | Villager (Male) |
| 17:41 | Build | House |
| 17:45 | Create | Archer |
| 18:01 | Build | Farm |
| 18:03 | Create | Archer |
| 18:14 | Create | Villager (Male) |
| 18:20 | Build | Mining Camp |
| 18:31 | Build | House |
| 18:40 | Create | Villager (Male) |
| 18:55 | Build | Farm |
| 18:56 | Build | Farm |
| 18:59 | Research | Castle Age |
| 19:00 | Research | Castle Age |
| 19:16 | Create | Archer |
| 19:16 | Create | Archer |
| 19:30 | Build | Farm |
| 19:31 | Build | Farm |
| 19:45 | Research | Horse Collar |
| 20:18 | Create | Villager (Male) |
| 20:27 | Create | Archer |
| 20:27 | Create | Archer |
| 20:31 | Build | House |
| 20:46 | Build | Stone Wall |
| 20:52 | Build | Gate |
| 20:53 | Build | Stone Wall |
| 20:58 | Create | Archer |
| 20:58 | Create | Archer |
| 21:48 | Build | Stone Wall |
| 21:56 | Age | Castle Age |
Match timeline
| 6:57 | LonzoWall · first_building Barracks |
| 7:32 | anshumessi420 · first_building Barracks |
| 7:35 | Cr0mo · first_building Barracks |
| 7:38 | Chris · first_building Barracks |
| 7:41 | Cr0mo · wall_segment Palisade Wall x1 |
| 7:43 | Cr0mo · wall_segment Palisade Wall x1 |
| 7:45 | Cr0mo · wall_segment Palisade Wall x1 |
| 8:15 | LonzoWall · age_up feudal |
| 8:17 | LonzoWall · first_building Stable |
| 8:31 | Cr0mo · age_up feudal |
| 8:33 | Chris · age_up feudal |
| 8:34 | EMMM | TheVuki · first_building Barracks |
| 8:40 | Chris · first_building Stable |
| 8:47 | Cr0mo · first_building Archery Range |
| 9:16 | anshumessi420 · age_up feudal |
| 9:22 | anshumessi420 · first_building Archery Range |
| 9:22 | Cr0mo · wall_segment Stone Wall x9 |
| 9:35 | EMMM | TheVuki · age_up feudal |
| 9:37 | EMMM | TheVuki · first_building Stable |
| 10:03 | DugTheDog · wall_segment Palisade Wall x1 |
| 10:07 | Chris Becker · age_up feudal |
| 10:18 | DugTheDog · wall_segment Palisade Wall x3 |
| 10:24 | DugTheDog · wall_segment Palisade Wall x3 |
| 10:28 | DugTheDog · first_building Barracks |
| 10:39 | HR Benja23 · age_up feudal |
| 11:22 | DugTheDog · age_up feudal |
| 11:30 | DugTheDog · first_building Stable |
| 11:37 | HR Benja23 · first_market_buy 100 food |
| 11:50 | Cr0mo · wall_segment Stone Wall x10 |
| 14:20 | HR Benja23 · age_up castle |
| 14:41 | Chris Becker · age_up castle |
| 14:57 | anshumessi420 · wall_segment Stone Wall x11 |
| 15:04 | Chris Becker · first_building Monastery |
| 15:05 | DugTheDog · age_up castle |
| 15:08 | DugTheDog · first_building Castle |
| 15:10 | anshumessi420 · wall_segment Stone Wall x6 |
| 15:28 | anshumessi420 · wall_segment Stone Wall x14 |
| 17:14 | Chris · first_market_sell 100 food |
| 18:43 | DugTheDog · first_building Siege Workshop |
| 19:20 | HR Benja23 · first_building Monastery |
| 20:29 | Cr0mo · age_up castle |
| 20:43 | Cr0mo · first_building Monastery |
| 20:46 | anshumessi420 · wall_segment Stone Wall x13 |
| 20:53 | anshumessi420 · wall_segment Stone Wall x11 |
| 21:08 | LonzoWall · age_up castle |
| 21:17 | Chris · age_up castle |
| 21:34 | Chris · first_building Monastery |
| 21:42 | Chris · tribute_sent a jugador 1 |
| 21:42 | Chris · tribute_sent a jugador 3 |
| 21:42 | Chris · tribute_sent a jugador 4 |
| 21:42 | Chris · tribute_sent a jugador 5 |
| 21:42 | Chris · tribute_sent a jugador 6 |
| 21:42 | Chris · tribute_sent a jugador 7 |
| 21:42 | Chris · tribute_sent a jugador 8 |
| 21:48 | anshumessi420 · wall_segment Stone Wall x9 |
| 21:56 | anshumessi420 · age_up castle |
| 22:31 | LonzoWall · first_market_buy 100 stone |
| 22:55 | anshumessi420 · first_building Siege Workshop |
| 23:13 | Chris Becker · first_building Barracks |
| 24:13 | Cr0mo · first_building Siege Workshop |
| 24:47 | Chris Becker · first_building Stable |
| 25:16 | DugTheDog · first_market_buy 100 stone |
| 25:32 | Chris · first_market_buy 100 wood |
| 25:34 | EMMM | TheVuki · age_up castle |
| 26:37 | LonzoWall · first_building Castle |
| 28:08 | HR Benja23 · first_building Castle |
| 28:39 | LonzoWall · first_market_sell 100 food |
| 28:57 | anshumessi420 · first_building Monastery |
| 30:31 | Chris Becker · age_up imperial |
| 30:44 | HR Benja23 · first_building Barracks |
| 30:44 | HR Benja23 · age_up imperial |
| 30:54 | Chris Becker · first_market_sell 100 wood |
| 31:42 | Cr0mo · age_up imperial |
| 32:05 | LonzoWall · age_up imperial |
| 32:35 | DugTheDog · first_market_sell 100 wood |
| 33:09 | anshumessi420 · age_up imperial |
| 33:52 | Chris · first_building Castle |
| 33:58 | anshumessi420 · first_market_sell 100 food |
| 34:43 | Chris Becker · first_building Castle |
| 34:59 | HR Benja23 · first_building Siege Workshop |
| 35:03 | Chris · wall_segment Palisade Wall x1 |
| 36:00 | DugTheDog · age_up imperial |
| 36:53 | EMMM | TheVuki · first_building Monastery |
| 38:26 | anshumessi420 · first_building Castle |
| 38:35 | EMMM | TheVuki · first_market_sell 500 food |
| 39:37 | Chris Becker · first_building Siege Workshop |
| 40:01 | Chris Becker · tribute_sent a jugador 1 |
| 40:01 | Chris Becker · tribute_sent a jugador 2 |
| 40:01 | Chris Becker · tribute_sent a jugador 3 |
| 40:01 | Chris Becker · tribute_sent a jugador 5 |
| 40:01 | Chris Becker · tribute_sent a jugador 6 |
| 40:01 | Chris Becker · tribute_sent a jugador 7 |
| 40:01 | Chris Becker · tribute_sent a jugador 8 |
| 41:47 | EMMM | TheVuki · age_up imperial |
| 42:03 | Chris · first_building Archery Range |
| 42:13 | Chris · first_building Siege Workshop |
| 42:45 | Chris · age_up imperial |
| 43:33 | Cr0mo · first_market_sell 100 food |
| 44:12 | Cr0mo · first_building Castle |
| 46:07 | LonzoWall · tribute_sent a jugador 1 |
| 46:07 | LonzoWall · tribute_sent a jugador 2 |
| 46:07 | LonzoWall · tribute_sent a jugador 3 |
| 46:07 | LonzoWall · tribute_sent a jugador 4 |
| 46:07 | LonzoWall · tribute_sent a jugador 5 |
| 46:07 | LonzoWall · tribute_sent a jugador 7 |
| 46:07 | LonzoWall · tribute_sent a jugador 8 |
| 46:11 | anshumessi420 · tribute_sent a jugador 1 |
| 46:11 | anshumessi420 · tribute_sent a jugador 2 |
| 46:11 | anshumessi420 · tribute_sent a jugador 3 |
| 46:11 | anshumessi420 · tribute_sent a jugador 4 |
| 46:11 | anshumessi420 · tribute_sent a jugador 5 |
| 46:11 | anshumessi420 · tribute_sent a jugador 6 |
| 46:11 | anshumessi420 · tribute_sent a jugador 7 |
| 47:39 | Chris · resign |
[ AI ANALYSIS · 1 CREDIT ]
What really happened in this match?
Wolo.gg analyzes every decision: build order, eco, micro, common mistakes by bracket. Personalized analysis on WhatsApp or Discord in 30 seconds.
Civ guide
Hindustanis
Perfil
Jugador #1881513